 Dungeon Crawl Stone Soup version 0.29-a0-824-gd827844252 (webtiles) character file.

Game seed: 7429240760460558228

85 lesbiats the Sneak (level 4, 0/19 HPs)
             Began as a Felid Air Elementalist on July 10, 2022.
             Was an Initiate of Vehumet.
             Succumbed to an adder's poison
             ... on level 3 of the Dungeon.
             The game lasted 00:18:41 (2786 turns).

lesbiats the Sneak (Felid Air Elementalist)         Turns: 2786, Time: 00:18:41

Health: 0/19       AC:  1    Str: 10    XL:     4   Next: 25%
Magic:  0/8        EV: 17    Int: 18    God:    Vehumet [......]
Gold:   153        SH:  0    Dex: 16    Spells: 3/8 levels left
                                        Lives:  0   Deaths: 1

rFire   . . .      SeeInvis +   (weapon unavailable)
rCold   . . .      Faith    .   (shield unavailable)
rNeg    . . .      Spirit   .   (body armour unavailable)
rPois   .          Reflect  .   (helmet unavailable)
rElec   .          Harm     .   (cloak unavailable)
rCorr   .          Rampage  .   (gloves unavailable)
Will    .....                   (boots unavailable)
Stlth   +++.......              (no amulet)
HPRegen 0.06/turn               g - +6 ring of strength
MPRegen 0.11/turn               (no ring)

@: lethally poisoned (0 -> -1), quick
A: very small, claws 1, fangs 3, see invisible, speed 1, shaggy fur 1, stealthy
paws, no weapons or thrown items, no armour, multi-lived
a: Renounce Religion


You were on level 3 of the Dungeon.
You worshipped Vehumet.
Vehumet was noncommittal.
You visited 1 branch of the dungeon, and saw 3 of its levels.

You collected 153 gold pieces.

Inventory:

Armour
 h - a scarf of shadows
Jewellery
 b - a +4 ring of slaying
 g - a +6 ring of strength (left paw)
Scrolls
 f - 3 scrolls of fog
 i - a scroll of torment {unknown}
 l - a scroll of summoning {unknown}
 m - a scroll of immolation {unknown}
 n - 4 scrolls of fear
 o - a scroll of amnesia {unknown}
Potions
 a - a potion of magic
 d - a potion of lignification
 e - a potion of curing {unknown}
 j - a potion of flight {unknown}
 k - a potion of heal wounds {unknown}


   Skills:
 + Level 1.5 Fighting
 - Level 2.7 Dodging
 + Level 4.6 Stealth
 + Level 2.6 Spellcasting
 + Level 1.8 Conjurations
 * Level 3.5 Air Magic


You had 3 spell levels left.
You knew the following spells:

 Your Spells              Type           Power      Damage    Failure   Level
a - Shock                 Conj/Air       44%        1d5       6%          1
b - Static Discharge      Conj/Air       11%        3-5/arc   9%          2
c - Passwall              Tmut/Erth      1%         N/A       26%         2

Your spell library contained the following spells:

 Spells                   Type           Power      Damage    Failure   Level
 Swiftness                Air            15%        N/A       12%         3
 Ensorcelled Hibernation  Hex/Ice        4%         N/A       26%         2
 Call Canine Familiar     Summ           2%         N/A       45%         3
 Gell's Gravitas          Tloc           2%         N/A       45%         3
 Lesser Beckoning         Tloc           2%         N/A       45%         3
 Teleport Other           Tloc           2%         N/A       45%         3
 Airstrike                Air            7%         0-4+      36%         4
 Leda's Liquefaction      Hex/Erth       1%         N/A       86%         4
 Portal Projectile        Hex/Tloc       Unusable   N/A       N/A         3

Dungeon Overview and Level Annotations

Branches:
Dungeon (3/15)

Altars:
Vehumet

Shops:
D:1 (

Annotations:
D:3 2 transporters, peter4's ghost, amateur MiCK


Innate Abilities, Weirdness & Mutations

You have sharp claws.
You have razor-sharp teeth.
You have supernaturally acute eyesight. (SInv)
You cover ground quickly. (Speed+)
You are covered in fur. (AC +1)
Your paws help you pounce on unaware monsters.
You are incapable of wielding weapons or throwing items.
You cannot wear armour.
You gain extra lives every three experience levels.


Message History

Aiming: Shock (safe; 6% risk of failure)
Press: ? - help, Q - select action, (/) - cycle Shift-Dir - straight line, f/p - adder
Aim: an adder (moderately wounded, 48% to hit)
The zap misses the adder.
The adder misses you. x2
You scratch the adder.
The adder is heavily wounded.
The adder bites you but does no damage.
You scratch the adder.
The adder is heavily wounded.
The adder completely misses you.
You closely miss the adder.
The adder is heavily wounded.
The adder bites you.
Aiming: Shock (safe; 6% risk of failure)
Press: ? - help, Q - select action, (/) - cycle Shift-Dir - straight line, f/p - adder
Aim: an adder (heavily wounded, 48% to hit)
The zap hits the adder.
The adder is heavily wounded.
The adder closely misses you. x2
Aiming: Shock (safe; 6% risk of failure)
Press: ? - help, Q - select action, (/) - cycle Shift-Dir - straight line, f/p - adder
Aim: an adder (heavily wounded, 48% to hit)
The zap hits the adder.
The adder is almost dead.
The adder bites you.
You are poisoned.
The adder poisons you! The adder attacks as you move away! The adder bites you.
* * * LOW HITPOINT WARNING * * *
x2 You feel sick.
You see here a +0 short sword.
* * * LOW HITPOINT WARNING * * *
You feel sick. The adder attacks as you move away! The adder barely misses you.
* * * LOW HITPOINT WARNING * * *
You feel sick.
* * * LOW HITPOINT WARNING * * *
You feel sick.
You die...

#.#######.# #.# #.############
#.#######......>....(#
.................###.#
..#######..#####.# #.# ###### ..#
#..# #.# #.# #..... ..#######..#
#.# #<# #.#...
...........#####.###.#######.#...
............).S.@................
.................###.#########...
.##.##.###.####..###### #...
.##.##.# #.####..#..... ####
.##.##)# #.......#..##. ###.##.#
######..#.#..# # #.##<#
#...#.#.W#. # #.##.# #..©#$.##.
###.##.# #...#?....


You could see peter4's ghost (wandering) and an adder.

Vanquished Creatures
  A necrophage (D:3)
  Terence (D:3)
  An adder (D:2)
  A dart slug (D:2)
  An orc (D:3)
  2 endoplasms
  4 giant cockroaches
  6 goblins
  4 hobgoblins
  3 jackals (D:3)
  A quokka (D:3)
  4 ball pythons
  8 bats
  5 frilled lizards
  6 kobolds
  2 rats
50 creatures vanquished.

Notes
Turn   | Place    | Note
-------+----------+-------------------------------------------
     0 | D:1      | lesbiats the Felid Air Elementalist began the quest for the
                  | Orb.
     0 | D:1      | Reached XP level 1. HP: 7/7 MP: 4/4
   143 | D:1      | Reached skill level 1 in Conjurations
   156 | D:1      | Reached skill level 3 in Stealth
   254 | D:1      | Reached XP level 2. HP: 11/11 MP: 4/6
   260 | D:1      | Learned a level 2 spell: Static Discharge
   342 | D:1      | Found Qebya's Weapon Emporium.
   717 | D:2      | Found a radiant altar of Vehumet.
   730 | D:2      | Became a worshipper of Vehumet
   958 | D:2      | Reached XP level 3. HP: 15/15 MP: 5/7
  1113 | D:2      | Found a faded altar of an unknown god.
  1341 | D:2      | Reached skill level 4 in Stealth
  1565 | D:3      | Found a transporter.
  1566 | D:3      | Noticed an ogre
  1567 | D:3      | Noticed peter4's ghost (amateur MiCK)
  1584 | D:3      | Noticed an ogre
  1585 | D:3      | Identified the +4 dire flail "Foygyhog" {elec, Int+3 Dex+3}
  1585 | D:3      | Noticed an ogre
  1600 | D:3      | Reached skill level 1 in Fighting
  1685 | D:3      | Learned a level 2 spell: Passwall
  1765 | D:3      | Found a transporter.
  1870 | D:3      | Noticed a necrophage
  1900 | D:3      | Killed a necrophage
  1901 | D:3      | Reached XP level 4. HP: 19/19 MP: 2/8
  2120 | D:3      | Killed from afar by an orc priest
  2121 | D:3      | Reached XP level 3. HP: -7/15 MP: 7/7
  2146 | D:3      | Noticed Terence
  2544 | D:3      | Killed Terence
  2545 | D:3      | Reached XP level 4. HP: 14/19 MP: 0/8
  2786 | D:3      | Succumbed to an adder's poison

Illustrated notes

Levels and vault maps discovered:
D:1:      wander_arrival_desolate, layout_rooms, serial_shops, shop
D:2:      layout_rooms, ebering_ecumenical_altar_rust, basic_altar,
          minmay_misc_feat_five, kennysheep_generic_room_6
D:3:      layout_loops_ring, minmay_overflow_temple_star_hex,
          gammafunk_ghost_smash, uniq_terence

Skill      XL: |  1  2  3 |
---------------+----------+-----
Conjurations   | 1 |  1.8
Stealth        | 3 4 |  4.6
Air Magic      | 3 |  3.5
Fighting       | 1 |  1.5
Dodging        | |  2.7
Spellcasting   | |  2.6

Action                   |  1- 3 |  4- 6 || total
-------------------------+-------+-------++-------
Melee: Unarmed           |    33 |     5 ||    38
       Bite              |     3 |       ||     3
 Cast: Shock             |    93 |    20 ||   113
       Static Discharge  |     4 |       ||     4
  Use: Scroll            |     4 |       ||     4
 Stab: Sleeping          |     1 |       ||     1
Armor: Skin              |     1 |     2 ||     3
Dodge: Dodged            |    37 |    15 ||    52

Table legend: (Time is in decaauts)
 A = Elapsed time spent in this place.
 B = Non-inter-level travel time spent in this place.
 C = Inter-level travel time spent in this place.
 D = Time resting spent in this place.
 E = Time spent auto-exploring this place.
 F = Levels seen in this place.
 G = Mean time per level.
                   A        B        C        D        E       F      G
               +--------+--------+--------+--------+--------+-----+--------+
         Total |   2463 |   2387 |     76 |    861 |    686 |   3 |  821.0 |
       Dungeon |   2463 |   2387 |     76 |    861 |    686 |   3 |  821.0 |
               +--------+--------+--------+--------+--------+-----+--------+

Top non-repeatable levels by time:
     D:3: 1107 daAuts
     D:2: 805 daAuts
     D:1: 550 daAuts
